 Dungeon Crawl Stone Soup version 0.16.2 (webtiles) character file.

63142 topse85 the Covert (level 15, -14/138 HPs)
             Began as a Naga Warper on Aug 13, 2015.
             Was the Champion of Cheibriados.
             Demolished by Rupert
             ... wielding a +3 great mace of draining
              (21 damage)
             ... while paralysed by Rupert
             ... on level 7 of the Lair of Beasts on Aug 15, 2015.
             The game lasted 03:31:27 (28403 turns).

topse85 the Covert (Naga Warper)                   Turns: 28403, Time: 03:31:27

Health: -14/138    AC: 13    Str: 35    XL:     15   Next: 8%
Magic:  34/34      EV:  1    Int: 35    God:    Cheibriados [******]
Gold:   1488       SH:  0    Dex: 28    Spells: 6 memorised, 8 levels left

rFire  + + .     SeeInvis +     m - +4 shortbow (flame)
rCold  + . .     Clarity  .     U - +0 scale mail
rNeg   . . .     SustAb   +     (no shield)
rPois  +         Gourm    .     X - +0 helmet of Beogh's Approval {rF+ Regen+ MP+9 Int+4}
rElec  +         Spirit   .     P - +0 cloak
rCorr  .         Warding  .     a - +0 pair of gloves
rMut   +         Stasis   .     (no barding)
MR     .....                    K - amulet of resist mutation
Stlth  ++++......               O - ring of Divine Compulsion {+Fly rF+ rC+ MR- Str+5}
                                l - ring of Wahiz {SustAb rElec}

@: paralysed, heavily drained, very slow, not resistant to hostile enchantments,
stealthy
A: spit poison, constrict 1, see invisible, deformed body, poison resistance,
slowness 2, AC +5
a: Spit Poison, Bend Time, Temporal Distortion, Slouch, Step From Time, Renounce
Religion, Evoke Flight


You were on level 7 of the Lair of Beasts.
You worshipped Cheibriados.
Cheibriados was exalted by your worship.
You were not hungry.

You visited 4 branches of the dungeon, and saw 24 of its levels.
You also visited: Sewer.

You collected 2308 gold pieces.
You spent 820 gold pieces at shops.

Inventory:

Hand weapons
 m - a +4 shortbow of flaming (weapon)
 D - a +2 flail of crushing
 F - a +0 blowgun
 Z - a +0 quarterstaff of freezing
Missiles
 u - 34 arrows of frost (quivered)
 N - 171 stones
 Q - 16 arrows of dispersal
 T - 35 poisoned needles
Armour
 a - a +0 pair of gloves (worn)
 w - the -1 robe of a bailey {rF++ rCorr MP-9 Dex+3 Stlth-}
   (You found it on level 4 of the Dungeon)

   It affects your dexterity (+3).
   It greatly protects you from fire.
   It affects your magic capacity (-9).
   It protects you from acid and corrosion.
   It makes you less stealthy.
 P - a +0 cloak (worn)
 U - a +0 scale mail (worn)
 X - the +0 helmet of Beogh's Approval (worn) {rF+ Regen+ MP+9 Int+4}
   (You found it on level 11 of the Dungeon)

   It affects your intelligence (+4).
   It protects you from fire.
   It affects your magic capacity (+9).
   It increases your rate of regeneration.
Rods
 V - a +5 lightning rod (17/17)
   (You took it off a centaur on level 8 of the Dungeon)
Jewellery
 l - the ring of Wahiz (left hand) {SustAb rElec}
   (You found it on level 6 of the Lair of Beasts)

   [ring of sustain abilities]

   It sustains your strength, intelligence and dexterity.
   It insulates you from electricity.
 I - an uncursed ring of protection from magic
 K - an amulet of resist mutation (around neck)
 O - the ring of Divine Compulsion (right hand) {+Fly rF+ rC+ MR- Str+5}
   (You took it off a crimson imp on level 12 of the Dungeon)

   [ring of protection from cold]

   It affects your strength (+5).
   It protects you from fire.
   It protects you from cold.
   It affects your resistance to hostile enchantments.
   It lets you fly.
Magical devices
 c - a wand of fireball (1)
 y - a wand of digging (21)
 H - a wand of lightning (7)
Scrolls
 g - 5 scrolls of teleportation
 i - 2 scrolls of fog
 n - 3 scrolls of enchant weapon
 o - 3 scrolls of enchant armour
 q - a scroll of holy word
 x - 4 scrolls of blinking
 E - a scroll of fear
 L - 4 scrolls of magic mapping
 M - 2 scrolls of remove curse
Potions
 d - 11 potions of curing
 h - 5 potions of brilliance
 s - 9 potions of heal wounds
 t - 4 potions of flight
 v - a potion of cure mutation
 z - 4 potions of might
 A - a potion of invisibility
 G - a potion of restore abilities
 J - a potion of agility
 W - a potion of beneficial mutation
 Y - a potion of ambrosia
Books
 b - a book of Transfigurations

   Spells                             Type                      Level
   a - Stoneskin                      Transmutation/Earth          2
   b - Irradiate                      Conjuration/Transmutation    5
   c - Statue Form                    Transmutation/Earth          6
   d - Hydra Form                     Transmutation                6
   e - Dragon Form                    Transmutation                7
 e - a book of the Warp

   Spells                             Type                      Level
   a - Recall                         Summoning/Translocation      3
   b - Control Teleport               Charms/Translocation         4
   c - Force Lance                    Conjuration/Translocation    4
   d - Phase Shift                    Translocation                5
   e - Warp Weapon                    Charms/Translocation         5
   f - Gell's Gravitas                Hexes/Translocation          5
   g - Summon Forest                  Summoning/Translocation      5
 p - a book of the Earth

   Spells                             Type                      Level
   a - Leda's Liquefaction            Hexes/Earth                  4
   b - Bolt of Magma                  Conjuration/Fire/Earth       5
   c - Statue Form                    Transmutation/Earth          6
   d - Iron Shot                      Conjuration/Earth            6
   e - Shatter                        Earth                        9
Comestibles
 f - 8 bread rations
 j - 3 chunks of flesh
 k - 6 meat rations
 r - 3 royal jellies
 B - 4 fruits
 S - a beef jerky


   Skills:
 - Level 9.8(7.3) Fighting
 - Level 7.2(5.4) Maces & Flails
 * Level 4.5(4.2) Staves
   Level 4.7(2.6) Slings
 * Level 10.1(7.6) Bows
 - Level 0.8(0.9) Throwing
 - Level 7.6(5.2) Armour
 - Level 9.2(6.7) Dodging
 - Level 10.2(7.6) Stealth
 - Level 4.2(2.1) Spellcasting
 + Level 7.6(5.3) Translocations
 + Level 3.8(1.7) Transmutations
 + Level 4.4(2.2) Earth Magic
 - Level 6.4(4.1) Invocations
 - Level 5.0(2.7) Evocations


You had 8 spell levels left.
You knew the following spells:

 Your Spells              Type           Power        Failure   Level  Hunger
a - Apportation           Tloc           #####.....   1%          1    None
b - Blink                 Tloc           N/A          1%          2    ##.....
c - Teleport Other        Tloc           #####...     4%          3    ###....
d - Shroud of Golubria    Chrm/Tloc      ###.......   6%          2    ##.....
f - Passage of Golubria   Tloc           N/A          14%         4    ####...
g - Stoneskin             Trmt/Erth      ###.....     8%          2    ##.....


Dungeon Overview and Level Annotations

Branches:
Dungeon (12/15)            Temple (1/1) D:5            Lair (7/8) D:11
  Swamp (0/5) Lair:4        Snake (0/5) Lair:4        Slime (0/6) Lair:7
    Orc (4/4) D:12
    Elf: Orc:3-4

Altars:
Ashenzari
Cheibriados
Dithmenos
Elyvilon
Fedhas
Gozag
Kikubaaqudgha
Makhleb
Nemelex Xobeh
Okawaru
Qazlal
Ru
Sif Muna
Trog
Vehumet
Xom
Yredelemnul
Zin
The Shining One
Beogh
Jiyva

Shops:
D:7 **(!   D:11 *   D:12 (   Orc:4 *

Annotations:
D:4 Crazy Wulf here, 3 exclusions
Lair:2 maybe good wand enclosed
Lair:7 Rupert
Orc:4 Blork the orc


Innate Abilities, Weirdness & Mutations

You cannot wear boots.
You can spit poison.
You can use your snake-like lower body to constrict enemies.
Your serpentine skin is tough (AC +5).
You have supernaturally acute eyesight.
Armour fits poorly on your strangely shaped body.
Your system is resistant to poisons.
You cover ground very slowly.


Message History

You shoot an arrow of frost. The arrow of frost hits Rupert.
Rupert is lightly wounded.
Rupert roars wildly at you.
You suddenly lose the ability to move!
Rupert roars madly and goes into a rage!
Rupert goes berserk!
Rupert hits you with a great mace of draining!!
You feel drained.
Rupert hits you with a great mace of draining!!!
You feel drained.
Rupert hits you with a great mace of draining!!
* * * LOW HITPOINT WARNING * * *
You feel drained.
* * * LOW HITPOINT WARNING * * *
Rupert hits you with a great mace of draining!!
* * * LOW HITPOINT WARNING * * *
You feel drained.
* * * LOW HITPOINT WARNING * * *
Rupert hits you with a great mace of draining!!
You die...

....#...†(........P
.........)†.....PPPP.
................#.PP#.
......>......####.PP...
..........)P# .#.P.....
....P##.....###........
...PP##....#.##........
..PP...................
.............@...#.# ...
...........@.....#
......................#
.............#..........
.#...........(#.........
#######......#........
#...........(##........
#..##...#...(.#P.......
........+...............


You could see Rupert (berserk).

Vanquished Creatures
  Maud (Lair:7)
  4 hydras
  Fannar (Lair:5)
  Harold (D:12)
  An alligator (Lair:4)
  Urug (D:10)
  Erolcha (D:9)
  2 unseen horrors (D:10)
  A lindwurm (Lair:3)
  3 hill giants
  3 orc sorcerers
  2 griffons
  5 oklob plants
  A manticore (D:10)
  5 ugly things
  14 elephants
  A cyclops (Orc:2)
  Maurice (D:10)
  2 sirens (Lair:3)
  13 black mambas
  A gargoyle (D:11)
  A torpor snail (Lair:6)
  A centaur skeleton (D:10)
  9 spiny frogs
  16 komodo dragons
  2 fire drakes
  2 merfolk (Lair:3)
  A troll (D:12)
  3 two-headed ogres
  5 basilisks
  4 blink frogs (Lair:3)
  A spriggan (D:7)
  A basilisk (shapeshifter) (D:12)
  22 yaks
  2 deep elf magi (D:11)
  13 hippogriffs
  3 wyverns
  A mottled dragon (D:11)
  4 wargs
  22 wolves
  A soldier ant (D:11)
  25 water moccasins
  13 porcupines
  15 orc warriors
  3 ice beasts
  9 ogres
  6 sky beasts
  A wasp (D:7)
  A boring beetle (Lair:3)
  A necrophage (D:10)
  4 black bears
  5 phantoms
  12 centaurs
  23 crocodiles
  3 big kobolds
  22 giant frogs
  A water moccasin skeleton (D:10)
  10 scorpions
  4 killer bees (D:11)
  3 jellies
  6 wights
  An electric eel (Lair:1)
  2 vampire bats (Lair:4)
  3 goliath beetles (D:6)
  2 giant frog zombies
  5 crimson imps
  12 orc priests
  9 hounds
  A centaur zombie (D:11)
  2 giant frog skeletons
  9 worker ants
  35 orc wizards
  6 iguanas
  A killer bee zombie (D:8)
  21 sheep
  Ijyb (D:6)
  A hound zombie (D:9)
  2 hound skeletons (D:4)
  Robin (D:2)
  10 gnolls
  16 river rats
  4 shadow imps
  4 worms
  30 adders
  5 giant mites
  An adder zombie (D:6)
  An adder skeleton (D:4)
  11 giant geckos
  3 oozes
  142 orcs
  22 bats
  A bat skeleton (D:8)
  A bat zombie (D:5)
  25 hobgoblins
  3 jackals
  35 kobolds
  19 quokkas
  7 ball pythons
  6 giant cockroaches
  A giant gecko skeleton (D:6)
  10 giant newts
  23 goblins
  17 rats
  A bush (Lair:3)
  2 fungi
  2 plants
861 creatures vanquished.

Vanquished Creatures (collateral kills)
  An orc (D:7)
  A giant spore (D:7)
2 creatures vanquished.

Vanquished Creatures (others)
  A hobgoblin (D:7)
  20 fungi
  3 plants
24 creatures vanquished.

Grand Total: 887 creatures vanquished

Notes
Turn   | Place    | Note
--------------------------------------------------------------
     0 | D:1      | topse85, the Naga Warper, began the quest for the Orb.
     0 | D:1      | Reached XP level 1. HP: 19/19 MP: 3/3
    97 | D:1      | Reached XP level 2. HP: 9/26 MP: 4/4
   938 | D:1      | Reached XP level 3. HP: 22/33 MP: 6/6
  1008 | D:1      | Learned a level 2 spell: Blink
  1012 | D:1      | Learned a level 3 spell: Teleport Other
  1580 | D:2      | Reached XP level 4. HP: 14/40 MP: 7/7
  1769 | D:2      | Noticed Robin
  1817 | D:2      | Killed Robin
  2407 | D:2      | Reached XP level 5. HP: 29/46 MP: 9/9
  2615 | D:3      | Reached skill level 4 in Translocations
  2931 | D:3      | Found a glowing drain.
  2959 | Sewer    | Entered a sewer
  3191 | Sewer    | Reached XP level 6. HP: 56/56 MP: 10/10
  3802 | D:4      | Found a burning altar of Makhleb.
  3819 | D:4      | Got a wizard robe
  3830 | D:4      | Identified the cursed -1 robe of a bailey {rF++ rCorr MP-9 Dex+3 Stlth-} (You found it on level 4 of the Dungeon)
  4034 | D:4      | Reached XP level 7. HP: 56/62 MP: 12/12
  4417 | D:4      | Reached skill level 1 in Stealth
  4469 | D:4      | Reached skill level 1 in Slings
  4952 | D:4      | Reached XP level 8. HP: 73/73 MP: 13/13
  5144 | D:5      | Entered Level 5 of the Dungeon
  5144 | D:5      | Found a shattered altar of Ashenzari.
  5396 | D:5      | Found a glowing silver altar of Zin.
  5800 | D:5      | Found a staircase to the Ecumenical Temple.
  5809 | Temple   | Entered the Ecumenical Temple
  5939 | Temple   | Became a worshipper of Cheibriados the Contemplative
  6370 | D:5      | Reached skill level 5 in Fighting
  6950 | D:5      | Reached skill level 5 in Stealth
  6950 | D:5      | Reached skill level 1 in Invocations
  7006 | D:6      | Acquired Cheibriados' first power
  7018 | D:6      | Reached skill level 5 in Maces & Flails
  7105 | D:6      | Reached XP level 9. HP: 64/81 MP: 15/15
  7780 | D:6      | Noticed Ijyb
  7795 | D:6      | Killed Ijyb
  8119 | D:7      | Found Cutrach's Weapon Emporium.
  9004 | D:7      | Reached skill level 6 in Stealth
  9262 | D:7      | Reached skill level 5 in Dodging
  9279 | D:7      | Found Goel's General Store.
  9310 | D:7      | Found Smas' Distillery.
  9403 | D:7      | Bought a scroll of remove curse for 42 gold pieces
  9436 | D:7      | Reached skill level 5 in Translocations
  9443 | D:7      | Acquired Cheibriados' second power
  9490 | D:7      | Found Bieqoi's General Store.
  9493 | D:7      | Bought a scroll of magic mapping for 35 gold pieces
  9693 | D:8      | Reached skill level 1 in Bows
 10132 | D:8      | Learned a level 2 spell: Shroud of Golubria
 10386 | D:8      | Reached XP level 10. HP: 89/91 MP: 16/16
 10399 | D:8      | Reached skill level 1 in Evocations
 10513 | D:8      | Acquired Cheibriados' third power
 11941 | D:9      | Acquired Cheibriados' fourth power
 11991 | D:9      | Found a sacrificial altar of Ru.
 12018 | D:9      | Learned a level 3 spell: Portal Projectile
 12198 | D:9      | Noticed Erolcha
 12203 | D:9      | Killed Erolcha
 12439 | D:10     | Entered Level 10 of the Dungeon
 12484 | D:9      | Reached skill level 5 in Evocations
 12637 | D:10     | Noticed an unseen horror
 12649 | D:10     | Killed an unseen horror
 12649 | D:10     | Reached skill level 7 in Fighting
 12649 | D:10     | Reached skill level 5 in Invocations
 12649 | D:10     | Reached XP level 11. HP: 73/100 MP: 19/19
 12695 | D:10     | Noticed a manticore
 12704 | D:10     | Killed a manticore
 12722 | D:10     | Noticed Maurice
 12799 | D:10     | Killed Maurice
 13181 | D:10     | Noticed an unseen horror
 13193 | D:10     | Killed an unseen horror
 14211 | D:11     | Found a staircase to the Lair.
 14517 | D:11     | Reached skill level 5 in Bows
 14731 | D:11     | Got a warped helmet
 14742 | D:11     | Identified the cursed +0 helmet of Beogh's Approval {rF+ Regen+ MP+9 Int+4} (You found it on level 11 of the Dungeon)
 14804 | D:11     | Reached skill level 8 in Fighting
 14952 | D:11     | Found a shimmering altar of Xom.
 15011 | D:11     | Found Toag's Serpentskin Sales.
 15486 | D:10     | Reached XP level 12. HP: 72/112 MP: 22/22
 15878 | Lair:1   | Entered Level 1 of the Lair of Beasts
 16008 | Lair:1   | You fall through a shaft!
 16533 | Lair:1   | Reached skill level 9 in Fighting
 17021 | D:11     | Learned a level 4 spell: Passage of Golubria
 17022 | D:12     | Found Maodigro's Weapon Emporium.
 17061 | D:11     | Reached skill level 1 in Armour
 17093 | D:11     | Noticed a hill giant
 17106 | D:11     | Killed a hill giant
 17207 | D:12     | Found a staircase to the Orcish Mines.
 17391 | Orc:1    | Entered Level 1 of the Orcish Mines
 18452 | Orc:3    | Found a roughly hewn altar of Beogh.
 19367 | Orc:1    | Reached skill level 10 in Stealth
 19462 | D:10     | Noticed Urug
 19483 | D:10     | Killed Urug
 19643 | D:7      | Bought a +4 shortbow of flaming for 438 gold pieces
 19645 | D:7      | Bought 10 arrows for 32 gold pieces
 19671 | D:7      | Bought a meat ration for 50 gold pieces
 19671 | D:7      | Bought 7 arrows of frost for 35 gold pieces
 19671 | D:7      | Bought 11 arrows for 22 gold pieces
 19671 | D:7      | Bought a scroll of identify for 20 gold pieces
 19671 | D:7      | Bought a potion of heal wounds for 50 gold pieces
 19728 | D:7      | Bought a potion of heal wounds for 60 gold pieces
 19728 | D:7      | Bought a potion of curing for 36 gold pieces
 20111 | D:12     | Reached XP level 13. HP: 121/121 MP: 23/23
 20506 | D:12     | Noticed Harold
 20514 | D:12     | Killed Harold
 20757 | D:12     | Got a flickering marble ring
 20761 | D:12     | Identified the ring of Divine Compulsion {+Fly rF+ rC+ MR- Str+5} (You took it off a crimson imp on level 12 of the Dungeon)
 20912 | Orc:4    | Entered Level 4 of the Orcish Mines
 20928 | Orc:4    | Found Exug's General Store.
 20986 | Orc:4    | Noticed Blork the orc
 21157 | Orc:4    | Noticed an orc warlord
 22089 | Lair:2   | Reached skill level 5 in Armour
 23110 | Lair:3   | Found a staircase to the Shoals.
 23453 | Lair:3   | Learned a level 2 spell: Stoneskin
 23584 | Lair:4   | Found a staircase to the Swamp.
 23653 | Lair:4   | Found a staircase to the Snake Pit.
 23669 | Lair:4   | Reached skill level 1 in Transmutations
 23685 | Lair:4   | Reached XP level 14. HP: 114/130 MP: 24/24
 23714 | Lair:4   | Reached skill level 1 in Earth Magic
 24658 | Lair:4   | Found a blossoming altar of Fedhas.
 25344 | Lair:5   | Noticed Fannar
 25357 | Lair:5   | Killed Fannar
 26085 | Lair:6   | Reached skill level 1 in Staves
 26638 | Lair:6   | Found a runed door.
 26774 | Lair:6   | Got a coiled copper ring
 26775 | Lair:6   | Identified the ring of Wahiz {SustAb rElec} (You found it on level 6 of the Lair of Beasts)
 27156 | Lair:6   | Got a fine rapier
 27157 | Lair:6   | Identified the +7 rapier "Boopnasu" {pain, rC- Int+4 Dex-4 SInv Stlth+} (You found it on level 6 of the Lair of Beasts)
 27975 | Lair:7   | Reached skill level 10 in Bows
 27978 | Lair:7   | Reached XP level 15. HP: 127/138 MP: 25/25
 28047 | Lair:7   | Found a staircase to the Slime Pits.
 28048 | Lair:7   | Found a viscous altar of Jiyva.
 28168 | Lair:7   | Noticed Maud
 28174 | Lair:7   | Got a slimy flail
 28175 | Lair:7   | Identified the cursed +2 flail of Procsy {crush, *Rage +Rage MR+ Dex+3} (You found it on level 7 of the Lair of Beasts)
 28241 | Lair:7   | Killed Maud
 28270 | Lair:7   | Noticed Rupert
 28396 | Lair:7   | Paralysed by Rupert for 7 turns
 28402 | Lair:7   | HP: 6/138 [Rupert/great mace of draining (2)]
 28403 | Lair:7   | Demolished by Rupert

Action                   |  1- 3 |  4- 6 |  7- 9 | 10-12 | 13-15 || total
-------------------------+-------+-------+-------+-------+-------++-------
Melee: Mace              |    82 |    61 |    60 |       |       ||   203
       Dagger            |    33 |   140 |   301 |   127 |       ||   601
       Whip              |       |       |    14 |       |       ||    14
       Flail             |       |       |   127 |   712 |   705 ||  1544
       Dire flail        |       |       |       |    43 |       ||    43
 Fire: Hunting sling     |     9 |    74 |    97 |   191 |       ||   371
       Shortbow          |       |       |       |    13 |   205 ||   218
       Blowgun           |       |       |       |    23 |     3 ||    26
Throw: Tomahawk          |     1 |       |     6 |     5 |       ||    12
       Stone             |    21 |     6 |     4 |    40 |    27 ||    98
 Cast: Teleport Other    |       |     1 |       |     2 |       ||     3
       Blink             |       |     7 |    16 |    41 |    57 ||   121
       Shroud of Golubri |       |       |       |     2 |       ||     2
       Apportation       |       |       |       |     1 |       ||     1
Invok: Slouch            |       |       |       |     2 |     1 ||     3
       Bend Time         |       |       |       |     1 |       ||     1
 Abil: Spit Poison       |    21 |    36 |    56 |    99 |    45 ||   257
Evoke: Wand              |       |       |     3 |       |       ||     3
       Rod               |       |       |       |    32 |     8 ||    40
  Use: Potion            |       |     4 |     2 |     1 |     1 ||     8
       Scroll            |       |     8 |     9 |    10 |    13 ||    40
 Stab: Sleeping          |       |     1 |     6 |    16 |    24 ||    47
       Distracted        |       |       |     3 |     2 |     3 ||     8
       Invisible         |       |       |       |       |     1 ||     1
  Eat: Chunk             |     3 |     9 |    14 |    26 |    22 ||    74
       Fruit             |       |     3 |     4 |       |       ||     7
       Pizza             |       |       |     2 |       |       ||     2
       Beef jerky        |       |       |     1 |       |       ||     1
       Bread ration      |       |       |       |     1 |       ||     1
